 Dungeon Crawl Stone Soup version 0.20-a0-1017-gc3250ce (webtiles) character file.

5 Gorglomux the Skirmisher (level 1, 0/19 HPs)
             Began as a Formicid Wanderer on Apr 16, 2017.
             Slain by a jackal (1 damage)
             ... on level 1 of the Dungeon.
             The game lasted 00:00:54 (218 turns).

Gorglomux the Skirmisher (Formicid Wanderer)         Turns: 218, Time: 00:00:55

Health: 0/19       AC:  5    Str: 14    XL:     1   Next: 88%
Magic:  2/2        EV: 11    Int: 16    God:
Gold:   0          SH:  0    Dex:  7    Spells: 0/0 levels left

rFire    . . .     SeeInvis +   c - +0 club
rCold    . . .     Gourm    .   (no shield)
rNeg     . . .     Faith    .   a - +2 leather armour
rPois    .         Spirit   .   (helmet unavailable)
rElec    .         Reflect  .   (no cloak)
rCorr    .         Harm     .   (no gloves)
MR       .....                  (no boots)
Stlth    +.........             (no amulet)
Regen    0.1/turn               (no ring)
MPRegen  0.1/turn               (no ring)

@: no status effects
A: permanent stasis, dig shafts and tunnels, four strong arms, antennae 3
a: Dig, Shaft Self


You were on level 1 of the Dungeon.
You were not hungry.

You visited 1 branch of the dungeon, and saw 1 of its levels.

Inventory:

Hand Weapons
 c - a +0 club (weapon)
Armour
 a - a +2 leather armour (worn)
Potions
 b - 2 potions of lignification {!q}
 e - a potion of flight {unknown}
 g - a potion of haste {unknown}
Comestibles
 d - 2 bread rations {@e1@e1}
 f - a chunk of flesh {@w0@w0}


   Skills:
 + Level 3.7 Fighting
   Level 3.0 Polearms
 - Level 1.0 Dodging
 - Level 1.2 Stealth
   Level 2.1 Evocations


You couldn't memorise any spells.
You didn't know any spells.

Dungeon Overview and Level Annotations

Branches:
Dungeon (1/15)

Altars:


Innate Abilities, Weirdness & Mutations

You cannot be hasted, slowed, berserked, paralysed or teleported.
You can dig through walls and to a lower floor.
Your four strong arms can wield two-handed weapons with a shield.
You have a pair of large antennae on your head. (SInv)


Message History

A bat is nearby!
A bat is nearby!
A bat is nearby!
A bat is nearby!
A bat is nearby!
A bat is nearby!
The bat hits you but does no damage.
You hit the bat.
You kill the bat!
No target in view!
No target in view!
No target in view!
No target in view!
No target in view!
No target in view!
You see here a bat corpse.
You butcher the bat corpse.
f - a chunk of flesh {@w0@w0} You see here a bat skeleton.
e - a coppery potion You open the door.
Found a stone staircase leading down.
As you open the door, it creaks loudly!
You hear a shout!
There is an open door here.
You open the door.
There is an open door here.
A leopard gecko comes into view.
You regained 2 hp, and now have 17/18 hp.
A leopard gecko is nearby!
The leopard gecko hisses angrily.
A leopard gecko is nearby!
The leopard gecko bites you.
You take 2 damage, and have 15/18 hp.
You hit the leopard gecko. The leopard gecko barely misses you.
You closely miss the leopard gecko. The leopard gecko bites you.
The leopard gecko bites you but does no damage.
You take 2 damage, and have 14/18 hp.
You miss the leopard gecko. The leopard gecko bites you. x2
You take 5 damage, and have 9/18 hp.
MASSIVE DAMAGE!!
You hit the leopard gecko but do no damage.
The leopard gecko closely misses you.
You hit the leopard gecko. The leopard gecko barely misses you.
The leopard gecko closely misses you.
You completely miss the leopard gecko. The leopard gecko closely misses you.
You closely miss the leopard gecko. The leopard gecko closely misses you.
The leopard gecko misses you.
You closely miss the leopard gecko. The leopard gecko bites you.
You take 3 damage, and have 6/18 hp.
You closely miss the leopard gecko. The leopard gecko misses you.
The leopard gecko bites you.
* * * LOW HITPOINT WARNING * * *
You take 2 damage, and have 4/18 hp.
You closely miss the leopard gecko. The leopard gecko bites you.
* * * LOW HITPOINT WARNING * * *
You take 1 damage, and have 3/18 hp.
Unknown command.
You hit the leopard gecko. The leopard gecko misses you.
The leopard gecko barely misses you.
You closely miss the leopard gecko.
The leopard gecko completely misses you.
The leopard gecko closely misses you.
You closely miss the leopard gecko.
The leopard gecko bites you but does no damage.
You closely miss the leopard gecko. The leopard gecko bites you.
* * * LOW HITPOINT WARNING * * *
The leopard gecko barely misses you.
You take 1 damage, and have 3/18 hp.
You hit the leopard gecko.
You kill the leopard gecko!
g - a metallic brown potion A jackal comes into view.
The jackal barks!
You barely miss the jackal. The jackal barely misses you.
The jackal bites you but does no damage.
You hit the jackal. The jackal closely misses you. x2
You hit the jackal. The jackal barely misses you.
The jackal closely misses you.
You hit the jackal.
You kill the jackal!
You start resting.
You sense a monster nearby.
You regained 6 hp, and now have 9/19 hp.
A jackal comes into view.
The jackal bites you but does no damage.
You barely miss the jackal. The jackal bites you.
You take 1 damage, and have 8/19 hp.
You hit the jackal. The jackal bites you. The jackal closely misses you.
You take 2 damage, and have 6/19 hp.
You hit the jackal. The jackal barely misses you.
The jackal closely misses you.
You barely miss the jackal. The jackal bites you.
* * * LOW HITPOINT WARNING * * *
The jackal closely misses you.
You take 3 damage, and have 3/19 hp.
You barely miss the jackal. The jackal bites you.
* * * LOW HITPOINT WARNING * * *
The jackal bites you but does no damage.
You barely miss the jackal. The jackal bites you.
You die...

#....#...####
#....##### #....#
#.#### #.# #.# #.#
.[.########.#######
#..).h@...........
#.########.#######
..........#
####......#
#......# #####....
#..#.. ...#....
{..... ...


You could see a jackal.

Vanquished Creatures
  A leopard gecko (D:1)
  A jackal (D:1)
  A bat (D:1)
  2 frilled lizards (D:1)
5 creatures vanquished.

Notes
Turn   | Place    | Note
-------+----------+-------------------------------------------
     0 | D:1      | Gorglomux the Formicid Wanderer began the quest for the Orb.
     0 | D:1      | Gorglomux set off with: a +2 leather armour, 2 potions of lignification {!q}, a +0 club, a bread ration {@e1@e1}
     0 | D:1      | Reached XP level 1. HP: 18/18 MP: 2/2
   105 | D:1      | HP: 4/18 [leopard gecko (2)]
   110 | D:1      | HP: 3/18 [leopard gecko (1)]
   216 | D:1      | HP: 3/19 [jackal (3)]
   217 | D:1      | HP: 1/19 [jackal (2)]
   218 | D:1      | Slain by a jackal

Vault maps used:
D:1:      minmay_arrival_three_doors, serial_bayou_lagoon_a

Action                   || total
-------------------------++-------
Melee: Club              ||    34
Armor: Leather armour    ||    14
Dodge: Dodged            ||    28

Vault maps used:
D:1:      minmay_arrival_three_doors, serial_bayou_lagoon_a

Table legend:
 A = Turns spent in this place as a percentage of turns spent in the entire game.
 B = Non-inter-level travel turns spent in this place as a percentage of non-inter-level travel turns spent in the entire game.
 C = Inter-level travel turns spent in this place as a percentage of turns spent in this place.
 D = Turns resting spent in this place as a percentage of non-inter-level travel turns spent in this place.
 E = Turns spent auto-exploring this place as a percentage of non-inter-level travel turns spent in this place.
 F = Non-inter-level travel turns spent in this place divided by the number of levels of this place that you've seen.
                   A       B       C       D       E      F
               +-------+-------+-------+-------+-------+----------------------
         Total | 100.0 | 100.0 |   0.0 |   2.2 |   6.5 |  93.0
       Dungeon | 100.0 | 100.0 |   0.0 |   2.2 |   6.5 |  93.0
               +-------+-------+-------+-------+-------+----------------------

Table legend:
 A = Kills in this place as a percentage of kills in entire the game.
 B = Kills by you in this place as a percentage of kills by you in the entire game.
 C = Kills by friends in this place as a percentage of kills by friends in the entire game.
 D = Other kills in this place as a percentage of other kills in the entire game.
 E = Experience gained in this place as a percentage of experience gained in the entire game.
 F = Experience gained in this place divided by the number of levels of this place that you have seen.
                   A       B       C       D       E      F
               +-------+-------+-------+-------+-------+----------------------
         Total | 100.0 | 100.0 |  -nan |  -nan | 100.0 |   8.0
       Dungeon | 100.0 | 100.0 |  -nan |  -nan | 100.0 |   8.0
               +-------+-------+-------+-------+-------+----------------------
